 Dungeon Crawl Stone Soup version 0.25.0-11-g1f837a76a1 (webtiles) character file.

Game seed: 5927944936567571930

210 Esekla the Chopper (level 5, -3/49 HPs)
             Began as a Deep Dwarf Chaos Knight on June 26, 2020.
             Was a Plaything of Xom.
             Killed from afar by a steam dragon (7 damage)
             ... with a ball of steam
             ... in a sewer.
             The game lasted 00:10:06 (808 turns).

Esekla the Chopper (Deep Dwarf Chaos Knight)         Turns: 808, Time: 00:10:07

Health: -3/49      AC:  5    Str: 17    XL:     5   Next: 57%
Magic:  4/4        EV: 12    Int: 18    God:    Xom [.....*]
Gold:   85         SH:  5    Dex: 12    Spells: 6/6 levels left

rFire    . . .     SeeInvis .   a - +0 hand axe (chaos)
rCold    . . .     Gourm    .   (no shield)
rNeg     . . .     Faith    .   b - +2 leather armour
rPois    .         Spirit   .   (no helmet)
rElec    .         Reflect  +   (no cloak)
rCorr    .         Harm     .   (no gloves)
MR       .....                  (no boots)
Stlth    +.........             m - amulet of reflection
HPRegen  0.00/turn              e - +6 ring of intelligence
MPRegen  0.09/turn              q - ring of flight

@: non-regenerating
A: damage resistance, heal wounds, sense surroundings 1, no regeneration
a: Heal Wounds, Renounce Religion, Evoke Flight


You were in a sewer.
You worshipped Xom.
You were Xom's teddy bear.
You were not hungry.

You visited 1 branch of the dungeon, and saw 3 of its levels.
You also visited: Sewer.

You collected 85 gold pieces.

Inventory:

Hand Weapons
 a - a +0 hand axe of chaos (weapon)
 r - a +0 long sword
Armour
 b - a +2 leather armour (worn)
Jewellery
 e - a +6 ring of intelligence (left hand)
 m - an amulet of reflection (around neck)
 q - a ring of flight (right hand)
Scrolls
 f - a scroll of amnesia {unknown}
 g - a scroll of fear {unknown}
 i - a scroll of magic mapping {unknown}
 j - a scroll of identify {unknown}
 k - a scroll of enchant armour {unknown}
 n - a scroll of fog {unknown}
 p - a scroll of teleportation {unknown}
Potions
 d - a potion of curing {unknown}
 h - 2 potions of magic {unknown}
 l - a potion of degeneration {unknown}
 o - a potion of flight {unknown}
Comestibles
 c - 2 rations


   Skills:
 + Level 3.3 Fighting
 * Level 5.2 Axes
 * Level 3.1 Armour
 * Level 2.4 Dodging
 + Level 0.8 Stealth
 * Level 1.0 Spellcasting


You had 6 spell levels left.
You didn't know any spells.
Your spell library was empty.

Dungeon Overview and Level Annotations

Branches:
Dungeon (3/15)              Sewer (1/1)

Altars:
Sif Muna


Innate Abilities, Weirdness & Mutations

You are resistant to damage.
You can heal yourself by infusing magical energy.
You passively map a small area around you.
You do not regenerate.


Message History

You barely miss the river rat. The ooze hits you but does no damage.
The river rat bites you.
You hit the ooze. You freeze the ooze.
The ooze is almost dead.
You hit the river rat but do no damage.
The river rat evaporates and reforms as a steam dragon!
The ooze splashes around in the water.
You barely miss the steam dragon. You hit the ooze.
You kill the ooze!
Your Spellcasting skill increases to level 1!
The steam dragon breathes steam at you. The ball of steam hits you!!
* * * LOW HITPOINT WARNING * * *
The steam dragon barely misses you. The steam dragon misses you.
You slash the steam dragon!
Space bends around the steam dragon.
The steam dragon is heavily wounded.
The steam dragon breathes steam at you. The ball of steam hits you!
You die...
Xom thinks this is hilarious!

#≈#≈#≈ ≈# #≈#≈#≈#≈#
#≈.≈#.≈≈# * ##≈###.# #≈# #≈#
#§###≈# ≈ #§§§≈≈# ##§.D## *
≈ #§§@# * #.≈≈# * #.≈.## ,*
#### #≈≈..## . ≈≈≈#####
#≈≈...#####.≈≈.
##≈≈(†(########≈≈..≈.≈.≈≈≈.≈
≈≈≈###≈≈≈.≈..####.≈≈≈≈≈≈≈.#
* #### #≈≈≈≈≈(≈≈#
##.≈.≈≈..#* ≈
≈≈.###()..≈≈≈(####≈≈≈≈≈≈≈##*
.


You could see a steam dragon (catching breath).

Vanquished Creatures
  2 orc priests (D:3)
  4 adders
  3 river rats
  4 oozes (Sewer)
  3 worms
  2 leopard geckos
  13 orcs (D:3)
  A bat (D:3)
  3 giant cockroaches (D:3)
  2 goblins (D:3)
  3 hobgoblins (D:3)
  3 jackals (D:3)
  A ball python (Sewer)
  3 frilled lizards
  4 kobolds
  5 rats (D:3)
56 creatures vanquished.

Notes
Turn   | Place    | Note
-------+----------+-------------------------------------------
     0 | D:1      | Esekla the Deep Dwarf Chaos Knight began the quest for the
                  | Orb.
     0 | D:1      | Reached XP level 1. HP: 20/20 MP: 1/1
   150 | D:2      | Reached XP level 2. HP: 20/27 MP: 2/2
   274 | D:3      | Found a shimmering blue altar of Sif Muna.
   347 | D:3      | Reached skill level 4 in Axes
   347 | D:3      | Reached XP level 3. HP: 6/33 MP: 3/3
   384 | D:3      | Reached XP level 4. HP: 13/42 MP: 3/3
   472 | D:3      | XOM: divination: detect creatures
   500 | D:3      | Reached XP level 5. HP: 12/49 MP: 3/5
   589 | D:3      | Reached skill level 5 in Axes
   603 | D:3      | Found a glowing drain.
   616 | Sewer    | Entered a sewer
   682 | Sewer    | XOM: divination: detect creatures
   704 | Sewer    | XOM: 2-stop teleportation journey
   739 | Sewer    | XOM: god gift: robe {god gift}
   742 | Sewer    | XOM: 3-stop teleportation journey
   772 | Sewer    | XOM: cast spell 'Summon Small Mammal'
   805 | Sewer    | Noticed a steam dragon
   805 | Sewer    | a river rat changed into a steam dragon
   806 | Sewer    | Reached skill level 1 in Spellcasting
   808 | Sewer    | Killed from afar by a steam dragon

Illustrated notes

Levels and vault maps discovered:
D:1:      wander_arrival_peaceful_grave, layout_basic, nrook_loot_triangle
D:2:      layout_basic, lemuel_crystal_altar
D:3:      layout_rooms, portal_sewer_entry_e, led_sif_pool
Sewer:    sewer_co_tree

Skill      XL: |  1  2  3  4  5 |
---------------+----------------+-----
Axes           | 4 5 |  5.2
Fighting       | 3 |  3.3
Dodging        | 2 |  2.4
Armour         | 3 |  3.1
Spellcasting   | 1 |  1.0
Stealth        | |  0.8

Action                   |  1- 3 |  4- 6 || total
-------------------------+-------+-------++-------
Melee: Hand axe          |    84 |   112 ||   196
 Abil: Heal Wounds       |     1 |     3 ||     4
 Stab: Petrified         |     3 |       ||     3
Armor: Leather armour    |    39 |    30 ||    69
Dodge: Dodged            |    44 |    58 ||   102
Block: Other             |       |     7 ||     7
       Reflection        |       |     1 ||     1
